 Dungeon Crawl Stone Soup version 0.31-a0-345-g1ebeae05c6 (webtiles) character file.

Game seed: 13196628173780494012

7812 LeprechaunX the Grappler (level 11, -2/69 HPs)
             Began as an Octopode Shapeshifter on July 22, 2023.
             Slain by a cyclops (21 damage)
             ... on level 10 of the Dungeon.
             The game lasted 00:20:58 (11760 turns).

LeprechaunX the Grappler (Octopode Shapeshifter)   Turns: 11760, Time: 00:20:58

Health: -2/69      AC:  1    Str: 30    XL:     11   Next: 21%
Magic:  21/21      EV: 14    Int: 17    God:
Gold:   606        SH:  5    Dex: 13    Spells: 11/11 levels left

rFire   . .          .
                       - Unarmed
rCold   + . .        (no shield)
rNeg    . . .        (helmet currently unavailable)
rPois   .            F - amulet of reflection
rElec   .            o - +4 ring of slaying
rCorr   +            n - +6 ring of intelligence
SInv    .            E - ring of resist corrosion
Will    .....        H - ring of protection from cold
Stlth   ++           G - ring of magical power
HPRegen 0.31/turn    L - +6 ring of strength
MPRegen 0.17/turn    M - +6 ring of strength
                     (no ring)

%: reflection
@: beast-form, hasted, very quick
A: beast (slay +5), almost no armour, amphibious, 8 rings, camouflage 1,
gelatinous body 1, (nimble swimmer 1), tentacles
a: Begin Untransformation


You were on level 10 of the Dungeon.
You were a hulking beast.
You visited 2 branches of the dungeon, and saw 11 of its levels.
You also visited: Sewer.

You collected 606 gold pieces.

Inventory:

Hand Weapons
 a - a +0 sling
Missiles
 I - 4 boomerangs (quivered)
Jewellery
 n - a +6 ring of intelligence (right tentacle)
 o - a +4 ring of slaying (left tentacle)
 E - a ring of resist corrosion (on tentacle)
 F - an amulet of reflection (around mantle)
 G - a ring of magical power (on tentacle)
 H - a ring of protection from cold (on tentacle)
 L - a +6 ring of strength (on tentacle)
 M - a +6 ring of strength (on tentacle)
Talismans
 b - a beast talisman
Wands
 q - a wand of roots (8)
 r - a wand of flame (58)
 t - a wand of charming (15)
 u - a wand of digging (4)
 A - a wand of light (14)
 D - a wand of mindburst (41)
Scrolls
 d - 4 scrolls of noise
 h - a scroll of fear {unknown}
 i - a scroll of silence {unknown}
 m - a scroll of blinking {unknown}
 v - a scroll of amnesia {unknown}
 y - 4 scrolls of enchant weapon
 B - 2 scrolls of teleportation
 C - 3 scrolls of fog
 J - a scroll of immolation {unknown}
 K - a scroll of revelation {unknown}
 N - a scroll of poison {unknown}
Potions
 c - a potion of magic {unknown}
 e - a potion of haste
 f - 2 potions of invisibility {unknown}
 g - 3 potions of heal wounds
 j - 4 potions of curing
 k - 3 potions of lignification
 l - 3 potions of brilliance
 p - 4 potions of enlightenment
 s - a potion of ambrosia {unknown}
 w - a potion of might {unknown}
 x - 4 potions of attraction
 z - a potion of mutation {unknown}


   Skills:
 - Level 4.0 Fighting
 + Level 3.4 Throwing
 - Level 4.0 Dodging
 * Level 13.1 Unarmed Combat
 + Level 0.7 Spellcasting
 + Level 8.3 Shapeshifting


You had 11 spell levels left.
You didn't know any spells.
Your spell library contained the following spells:

 Spells                   Type           Power      Damage    Failure   Level
 Necrotise                Necr           0%         1d4       22%         1
 Summon Small Mammal      Summ           0%         N/A       22%         1
 Poisonous Vapours        Pois/Air       0%         N/A       32%         2
 Call Canine Familiar     Summ           0%         N/A       54%         3
 Dazzling Flash           Conj/Hex       0%         N/A       54%         3
 Ignite Poison            Fire/Tmut/Pois 0%         N/A       54%         3
 Inner Flame              Hex/Fire       0%         N/A       54%         3
 Mephitic Cloud           Conj/Pois/Air  0%         N/A       54%         3
 Ozocubu's Armour         Ice            0%         N/A       54%         3
 Summon Guardian Golem    Hex/Summ       0%         N/A       54%         3
 Vampiric Draining        Necr           0%         2d6       54%         3
 Sticky Flame             Conj/Fire      0%         2d3       91%         4
 Agony                    Necr           0%         N/A       99%         5
 Freezing Cloud           Conj/Ice/Air   0%         6-21      99%         5
 Metabolic Englaciation   Hex/Ice        0%         N/A       99%         5
 Silence                  Hex/Air        0%         N/A       99%         5
 Yara's Violent Unravell  Hex/Tmut       0%         3d3       99%         5
 Simulacrum               Ice/Necr       0%         N/A       100%        6
 Enfeeble                 Hex            0%         N/A       100%        7
 Malign Gateway           Summ/Tloc      0%         N/A       100%        7
 Ignition                 Fire           0%         3d3       100%        8
 Summon Horrible Things   Summ           0%         N/A       100%        8


Dungeon Overview and Level Annotations

Branches:
Dungeon (10/15)            Temple (1/1) D:5            Lair (0/5) D:8
    Orc (0/2) D:9           Sewer (visited)

Altars:
Ashenzari
Cheibriados
Dithmenos
Elyvilon
Fedhas
Gozag
Hepliaklqana
Kikubaaqudgha
Makhleb
Nemelex Xobeh
Okawaru
Qazlal
Ru
Sif Muna
Trog
Uskayaw
Vehumet
Wu Jian
Xom
Yredelemnul
Zin
The Shining One

Shops:
D:2 :   D:4 *

Annotations:
D:4 3 runed translucent doors, Newt's ghost, amateur KoHu
D:10 Urug


Innate Abilities, Weirdness & Mutations

You are a hulking beast.
Your limbs bulge with bestial killing power. (Slay +5)
You cannot wear most types of armour.
You are amphibious.
You can wear up to eight rings at the same time.
Your skin changes colour to match your surroundings (Stealth+).
Your rubbery body absorbs attacks. (AC +1, EV +1)
((You are camouflaged when in or above water. (Stealth+)))
You have tentacles for arms and can constrict up to eight enemies at once.


Message History

There is an open door here.
There is an open door here.
The naga warrior shouts!
It reads, "Warrior's weapon gracefully paints petals red.
Honourable art."
Proceed? (y/N)
You open the large door.
Throw: 4 boomerangs
Press: ? - help, Q - select action, (/) - cycle Shift-Dir - straight line, f - you Really target yourself?
Okay, then.
Throw: 4 boomerangs
Press: ? - help, Q - select action, (/) - cycle Shift-Dir - straight line, f - you Really target yourself?
Okay, then.
There is a large open translucent door here.
Throw: 4 boomerangs
Press: ? - help, Q - select action, (/) - cycle Shift-Dir - straight line, f - centaur warrior
Aim: a centaur warrior (wandering, hasn't noticed you, fire blocked by an iron grate, 74% to hit)
Your line of fire to the centaur warrior is blocked by an iron grate.
The cyclops shouts!
The portcullises are lifted away, releasing the combatants.
The doors seal shut behind you!
Found an iron altar of Okawaru.
The cyclops throws a large rock.
The large rock hits you!!!
Ouch! That really hurt!
You hear a shout!
The centaur warrior wields a +0 orcbow.
The centaur warrior shoots an arrow.
The arrow hits you!!
* * * LOW HITPOINT WARNING * * *
The centaur warrior shoots an arrow.
The arrow barely misses you.
The centaur warrior shoots an arrow.
You block the arrow with an invisible shield... and reflect it back!
The arrow hits the centaur warrior.
As you read the scroll of fog, it dissolves into smoke.
You feel much better.
You feel yourself speed up. The cyclops hits you.
You feel much better. The cyclops hits you!!
* * * LOW HITPOINT WARNING * * *
You hear a shout!
The cyclops hits you!!
You die...

#....#...#.............#...#..
#....'...#.............#...'..
#....#...#.)...........#...#..
#....#####.)...........#...+..
#......................#####..
#.............................
#.............................
#.......#▓##############▓#....
#.......#>...h§♣§♣...♣N.N#....
#......)###.♣C♣C♣.♣....###....
#.........#♣§♣c♣§§....♣#......
#.........##§§♣.♣§♣.c.##......
#######...#>#..♣.♣§♣.#>#......
#...###...♣....###......
#....##♣.♣....♣##.......
#.....##..♣.♣.##........
#.....###♣ _♣###.)......


You could see a centaur warrior (wandering) and 2 cyclopes.

Vanquished Creatures
  A two-headed ogre (D:9)
  Maggie (D:6)
  An unseen horror zombie (D:8)
  2 hornets
  A merfolk (D:9)
  2 trolls (D:9)
  3 wyverns
  A steam dragon (D:8)
  An acid dragon (D:10)
  Duvessa (D:5)
  Edmund (D:6)
  A water moccasin (D:8)
  3 ice beasts
  4 orc warriors
  A black bear (D:5)
  3 centaurs
  4 ogres
  A phantom (D:7)
  4 kobold brigands
  4 bullfrogs
  A gnoll sergeant (D:6)
  3 scorpions
  A wyvern zombie (D:8)
  15 wights
  Dowan (D:5)
  2 killer bees (D:9)
  2 howler monkeys
  3 jellies
  3 centaur zombies (D:8)
  4 orc priests
  8 hounds
  A gnoll bouda (D:8)
  A sleepcap (D:6)
  7 iguanas
  12 orc wizards
  2 killer bee zombies (D:8)
  A howler monkey zombie (D:8)
  6 adders
  9 gnolls
  4 river rats
  2 white imps
  3 worms (D:4)
  4 dart slugs
  31 orcs
  5 ball pythons
  6 bats
  6 endoplasms
  2 giant cockroaches
  17 goblins
  A hobgoblin (D:1)
  4 jackals
  6 quokkas
  A frilled lizard (D:3)
  19 kobolds
  8 rats
241 creatures vanquished.

Notes
Turn   | Place    | Note
-------+----------+-------------------------------------------
     0 | D:1      | LeprechaunX the Octopode Shapeshifter began the quest for
                  | the Orb.
     0 | D:1      | Reached XP level 1. HP: 13/13 MP: 1/1
    66 | D:1      | Reached XP level 2. HP: 18/18 MP: 2/2
   263 | D:1      | Reached XP level 3. HP: 23/23 MP: 3/3
  1000 | D:2      | Reached XP level 4. HP: 23/29 MP: 4/4
  1223 | D:2      | Found Siek's Book Shoppe.
  1241 | D:2      | Found a sacrificial altar of Ru.
  1861 | D:3      | Found a hazy altar of Hepliaklqana.
  2380 | D:4      | Found Zuolust's Elemental Accessories.
  2390 | D:4      | Reached skill level 4 in Unarmed Combat
  2459 | D:4      | Noticed an ice beast
  2478 | D:4      | Reached XP level 5. HP: 28/34 MP: 5/5
  2493 | D:4      | Found a runed translucent gate.
  2494 | D:4      | Found a runed translucent gate.
  2494 | D:4      | Found a runed translucent gate.
  2494 | D:4      | Noticed Newt's ghost (amateur KoHu)
  3011 | D:4      | Reached XP level 6. HP: 39/41 MP: 6/6
  4084 | D:4      | Killed an ice beast
  4085 | D:4      | Reached skill level 5 in Unarmed Combat
  4198 | D:5      | Entered Level 5 of the Dungeon
  4216 | D:5      | Found a basalt altar of Yredelemnul.
  4304 | D:5      | Reached XP level 7. HP: 36/46 MP: 7/7
  4321 | D:5      | Found a glowing drain.
  4351 | Sewer    | Entered a sewer
  4642 | Sewer    | Found a glowing silver altar of Zin.
  5057 | D:5      | Noticed Duvessa
  5065 | D:5      | Noticed Dowan
  5066 | D:5      | Reached skill level 6 in Unarmed Combat
  5069 | D:5      | Killed Duvessa
  5073 | D:5      | Killed Dowan
  5074 | D:5      | Reached XP level 8. HP: 20/54 MP: 8/8
  5216 | D:5      | Found a staircase to the Ecumenical Temple.
  5547 | D:5      | Reached skill level 7 in Unarmed Combat
  5669 | D:5      | Found a shadowy altar of Dithmenos.
  5669 | D:5      | Found an iron altar of Okawaru.
  5704 | Temple   | Entered the Ecumenical Temple
  5778 | D:6      | Noticed Maggie
  5785 | D:6      | Killed Maggie
  5786 | D:6      | Reached skill level 8 in Unarmed Combat
  5786 | D:6      | Reached skill level 5 in Shapeshifting
  5874 | D:6      | Reached XP level 9. HP: 53/58 MP: 9/9
  6144 | D:6      | Reached skill level 9 in Unarmed Combat
  6445 | D:6      | Noticed Edmund
  6458 | D:6      | Killed Edmund
  6980 | D:7      | Reached skill level 10 in Unarmed Combat
  7067 | D:7      | Found a bloodstained altar of Trog.
  7951 | D:8      | Reached XP level 10. HP: 63/63 MP: 10/10
  8124 | D:8      | Found a staircase to the Lair.
  8166 | D:8      | Found an ornate altar of the Wu Jian Council.
  8185 | D:8      | Reached skill level 11 in Unarmed Combat
  9306 | D:9      | Reached skill level 12 in Unarmed Combat
  9539 | D:9      | Reached skill level 1 in Throwing
  9907 | D:9      | Found a staircase to the Orcish Mines.
 10647 | D:9      | Reached XP level 11. HP: 57/69 MP: 11/11
 10730 | D:10     | Entered Level 10 of the Dungeon
 10730 | D:10     | Noticed a two-headed ogre
 10730 | D:10     | Noticed a two-headed ogre
 10739 | D:9      | Killed a two-headed ogre
 10977 | D:10     | Noticed Urug
 11013 | D:10     | Found a white marble altar of Elyvilon.
 11030 | D:10     | Reached skill level 13 in Unarmed Combat
 11336 | D:10     | Noticed a cyclops
 11337 | D:10     | Found a large runed translucent door.
 11338 | D:10     | Found a large runed translucent door.
 11373 | D:10     | Noticed a centaur warrior
 11376 | D:10     | Noticed a cyclops
 11381 | D:10     | Noticed a naga warrior
 11751 | D:10     | Found an iron altar of Okawaru.
 11760 | D:10     | Slain by a cyclops

Illustrated notes

Levels and vault maps discovered:
D:1:      reono_arrival_mine, layout_basic
D:2:      layout_basic, serial_shops, shop_statue, basic_altar
D:3:      layout_basic, general_overflow_altar
D:4:      layout_loops_corners, gammafunk_ghost_split, nicolae_elemental_shop,
          kennysheep_opposing_triangles
D:5:      layout_rooms, mainiacjoe_overflow_24_doors,
          gammafunk_temple_overflow_statue, minmay_temple_entry_junction,
          portal_sewer_entry_c, uniq_duvessa
D:6:      layout_basic, minmay_ogre_servants, uniq_maggie, uniq_edmund
D:7:      layout_basic, mainiacjoe_overflow_catwalk
D:8:      layout_loops_ring, mainiacjoe_overflow_six_doors_small,
          dpeg_oklobed_lair, serial_undead, serial_undead_e, serial_undead_c,
          serial_undead_b, serial_undead_e, serial_undead_e, serial_undead_e,
          serial_undead_b
D:9:      layout_long_grid, david_orc_2, hangedman_fish_farm
D:10:     okawaru_arena_lexackson, layout_irregular_city, lemuel_doored_altar,
          nicolae_twisting_strands, serial_park_tiny_2, uniq_urug
Temple:   nicolae_temple_bog_church

Skill      XL: |  1  2  3  4  5  6  7  8  9 10 11 |
---------------+----------------------------------+-----
Fighting       | 2 3 4 |  4.0
Unarmed Combat | 4 5 6 8 10 12 13 | 13.1
Dodging        | 3 4 |  4.0
Shapeshifting  | 4 5 6 8 |  8.3
Throwing       | 2 3 |  3.4
Spellcasting   | |  0.7

Action                     |  1- 3 |  4- 6 |  7- 9 | 10-12 || total
---------------------------+-------+-------+-------+-------++-------
  Melee: Unarmed           |    44 |    73 |   161 |   118 ||   396
         Constrict         |    10 |    19 |    30 |    31 ||    90
         Tentacles         |     9 |    16 |    31 |    29 ||    85
         Punch             |     3 |     2 |    10 |     9 ||    24
   Fire: Sling             |       |    16 |    61 |       ||    77
  Throw: Boomerang         |       |       |       |    69 ||    69
    Use: Scroll            |       |       |       |     9 ||     9
         Potion            |       |       |       |     3 ||     3
   Stab: Sleeping          |     7 |    13 |     3 |     1 ||    24
 Armour: Skin              |     6 |     1 |     6 |     7 ||    20
  Dodge: Dodged            |    23 |    33 |    89 |    58 ||   203
  Block: Other             |       |       |       |     5 ||     5
         Reflection        |       |       |       |     1 ||     1

Table legend: (Time is in decaauts)
 A = Elapsed time spent in this place.
 B = Non-inter-level travel time spent in this place.
 C = Inter-level travel time spent in this place.
 D = Time resting spent in this place.
 E = Time spent auto-exploring this place.
 F = Levels seen in this place.
 G = Mean time per level.
                   A        B        C        D        E       F      G
               +--------+--------+--------+--------+--------+-----+--------+
         Total |  11733 |  10593 |   1140 |   1154 |   7534 |  12 |  977.8 |
       Dungeon |  11400 |  10260 |   1140 |   1012 |   7416 |  10 | 1140.0 |
        Temple |      1 |      1 |      0 |      0 |      0 |   1 |    1.0 |
         Sewer |    331 |    331 |      0 |    142 |    118 |   1 |  331.0 |
               +--------+--------+--------+--------+--------+-----+--------+

Top non-repeatable levels by time:
     D:9: 1746 daAuts
     D:2: 1345 daAuts
     D:4: 1337 daAuts
     D:8: 1222 daAuts
     D:7: 1152 daAuts
     D:5: 1100 daAuts
     D:6: 1021 daAuts
     D:1: 943 daAuts
    D:10: 874 daAuts
     D:3: 656 daAuts
   Sewer: 331 daAuts
  Temple: 1 daAuts
